 Dungeon Crawl Stone Soup version 0.31-a0-182-gc5ef74bbde (webtiles) character file.

Game seed: 2226131155962388549

35 PimpSugar the Magician (level 3, 0/25 HPs)
             Began as a Demonspawn Hedge Wizard on June 21, 2023.
             Slain by an orc
             ... wielding a +0 club
              (3 damage)
             ... on level 3 of the Dungeon.
             The game lasted 00:04:19 (1647 turns).

PimpSugar the Magician (Demonspawn Hedge Wizard)    Turns: 1647, Time: 00:04:19

Health: 0/25       AC:  3    Str: 10    XL:     3   Next: 16%
Magic:  7/7        EV: 11    Int: 17    God:
Gold:   91         SH:  0    Dex: 12    Spells: 2/8 levels left

rFire   . . .        l - +2 dagger (vamp)
rCold   . . .        (no shield)
rNeg    . . .        h - +0 leather armour
rPois   .            c - +0 hat
rElec   .            (no cloak)
rCorr   +            (no gloves)
SInv    .            (no boots)
Will    .....        (no amulet)
Stlth   ++           m - ring of resist corrosion
HPRegen 0.24/turn    (no ring)
MPRegen 0.10/turn

%: no passive effects
@: mighty
A: demonic touch 1
a: no special abilities


You were on level 3 of the Dungeon.
You visited 1 branch of the dungeon, and saw 3 of its levels.

You collected 91 gold pieces.

Inventory:

Hand Weapons
 a - a +0 dagger
 e - a +0 rapier
 l - a +2 vampiric dagger (weapon)
Missiles
 f - 38 stones
 r - 2 javelins
Armour
 b - a +0 robe
 c - a +0 hat (worn)
 h - a +0 leather armour (worn)
Jewellery
 m - a ring of resist corrosion (left hand)
Scrolls
 k - a scroll of immolation
 p - a scroll of vulnerability {unknown}
 t - a scroll of revelation {unknown}
 v - a scroll of brand weapon {unknown}
Potions
 d - a potion of magic
 g - a potion of brilliance
 i - 2 potions of might
 n - a potion of invisibility {unknown}
 q - a potion of haste {unknown}
 s - a potion of mutation {unknown}
 u - a potion of curing {unknown}


   Skills:
 + Level 0.7 Fighting
 + Level 2.0 Dodging
 + Level 2.0 Stealth
 * Level 3.2 Spellcasting
 * Level 1.6 Conjurations
 + Level 1.4 Summonings
 + Level 1.1 Translocations


You had 2 spell levels left.
You knew the following spells:

 Your Spells              Type           Power      Damage    Failure   Level
a - Magic Dart            Conj           32%        1d4       12%         1
b - Call Imp              Summ           14%        N/A       21%         2
d - Slow                  Hex            8%         N/A       24%         1
e - Blink                 Tloc           12%        N/A       22%         2

Your spell library contained the following spells:

 Spells                   Type           Power      Damage    Failure   Level
 Cigotuvi's Dreadful Rot  Necr/Pois/Air  4%         N/A       34%         2
 Mephitic Cloud           Conj/Pois/Air  4%         N/A       50%         3


Dungeon Overview and Level Annotations

Branches:
Dungeon (3/15)

Altars:

Shops:
D:1 =


Innate Abilities, Weirdness & Mutations

Your touch may inflict minor irresistible damage on your foes.


Message History

The worm is severely wounded.
Your cerulean imp hits the worm but does no damage.
The worm bites you! The frilled lizard barely misses you.
You hit the worm.
You touch the worm.
You kill the worm!
Your cerulean imp misses the frilled lizard.
The frilled lizard bites you but does no damage.
Your Dodging skill increases to level 2!
You barely miss the orc.
Your cerulean imp hits the frilled lizard but does no damage.
The frilled lizard closely misses you. The orc barely misses you.
You hit the orc but do no damage.
Your cerulean imp hits the frilled lizard from afar with a -4 spear.
The frilled lizard dies!
The orc closely misses you.
You hit the orc.
You feel better.
The orc is moderately wounded.
Your cerulean imp closely misses the orc.
The orc hits you with a +0 club.
You hit the orc.
The orc is heavily wounded.
Your cerulean imp barely misses the orc.
The orc hits you with a +0 club.
You hit the orc.
You feel better.
The orc is severely wounded.
Your cerulean imp hits the orc but does no damage.
The orc hits you with a +0 club.
* * * LOW HITPOINT WARNING * * *
You closely miss the orc. Your touch misses the orc.
The orc is severely wounded.
Your cerulean imp hits the orc but does no damage.
You hit the orc but do no damage.
The orc is severely wounded.
Your cerulean imp closely misses the orc.
The orc hits you with a +0 club.
* * * LOW HITPOINT WARNING * * *
You feel very mighty all of a sudden.
Your cerulean imp hits the orc from afar with a -4 spear.
The orc hits you with a +0 club.
You die...

###########
###.........##
#......5.....#
######.#.#'@#.#.#.#
#........#)o#...#
#......###..###...
#.>....+ #[[# ...#
#......+ #)!# ..#
##.#...###### ..#
#.##....# .#
###'##+.#.#
#...........


You could see an orc (ally target) and a friendly cerulean imp (summoned).

Vanquished Creatures
  An adder (D:2)
  A worm (D:3)
  A dart slug (D:1)
  A bat (D:1)
  3 endoplasms (D:2)
  2 goblins
  2 hobgoblins
  2 ball pythons
  2 frilled lizards (D:1)
  2 kobolds (D:2)
  3 rats (D:2)
20 creatures vanquished.

Vanquished Creatures (collateral kills)
  A frilled lizard (D:3)
  A kobold (D:3)
2 creatures vanquished.

Grand Total: 22 creatures vanquished

Notes
Turn   | Place    | Note
-------+----------+-------------------------------------------
     0 | D:1      | PimpSugar the Demonspawn Hedge Wizard began the quest for
                  | the Orb.
     0 | D:1      | Reached XP level 1. HP: 13/13 MP: 4/4
   257 | D:1      | Reached skill level 1 in Translocations
   451 | D:1      | Discovered your monstrous ancestry.
   451 | D:1      | Gained mutation: Your touch may inflict minor irresistible
                  | damage on your foes. [demonic ancestry]
   451 | D:1      | Reached XP level 2. HP: 19/19 MP: 4/6
   487 | D:1      | Found a faded altar of an unknown god.
   518 | D:1      | Found Ceexuol's Jewellery Shoppe.
   834 | D:2      | Learned a level 2 spell: Call Imp
   836 | D:2      | Learned a level 1 spell: Slow
   839 | D:2      | Learned a level 2 spell: Blink
  1599 | D:3      | Reached XP level 3. HP: 25/25 MP: 5/7
  1647 | D:3      | Slain by an orc

Illustrated notes

Levels and vault maps discovered:
D:1:      mrwooster_arrival_statue_3, layout_basic, serial_shops,
          nicolae_shop_advertising_works [nicolae_subvault_shop_adworks],
          shapermc_ecumenical_altar_flowoftime
D:2:      layout_loops_ring, minmay_curled_crystal, kennysheep_generic_room_2
D:3:      layout_basic, minmay_mini_jars, uniq_sigmund, uniq_natasha,
          uniq_grinder

Skill      XL: |  1  2  3 |
---------------+----------+-----
Translocations | 1 |  1.1
Stealth        | 2 |  2.0
Dodging        | 2 |  2.0
Fighting       | |  0.7
Spellcasting   | |  3.2
Conjurations   | |  1.6
Summonings     | |  1.4

Action                     || total
---------------------------++-------
  Melee: Rapier            ||    24
         Dagger            ||    42
         Touch             ||    13
   Cast: Magic Dart        ||    11
         Call Imp          ||     1
    Use: Scroll            ||     4
         Potion            ||     1
 Armour: Leather armour    ||    13
  Dodge: Dodged            ||    26

Table legend: (Time is in decaauts)
 A = Elapsed time spent in this place.
 B = Non-inter-level travel time spent in this place.
 C = Inter-level travel time spent in this place.
 D = Time resting spent in this place.
 E = Time spent auto-exploring this place.
 F = Levels seen in this place.
 G = Mean time per level.
                   A        B        C        D        E       F      G
               +--------+--------+--------+--------+--------+-----+--------+
         Total |   1649 |   1480 |    169 |      0 |   1077 |   3 |  549.7 |
       Dungeon |   1649 |   1480 |    169 |      0 |   1077 |   3 |  549.7 |
               +--------+--------+--------+--------+--------+-----+--------+

Top non-repeatable levels by time:
     D:2: 832 daAuts
     D:1: 753 daAuts
     D:3: 63 daAuts
